 Dungeon Crawl Stone Soup version 0.28-a0-850-g09de17f5b5 (webtiles) character file.

Game seed: 16665102555034487077

156015 Htamos the Brawler (level 16, -10/169 HPs)
             Began as a Troll Berserker on Nov 13, 2021.
             Was a High Priest of Trog.
             Mangled by an eight-headed hydra (11 damage)
             ... on level 4 of the Swamp on Nov 14, 2021.
             The game lasted 01:34:35 (24064 turns).

Htamos the Brawler (Troll Berserker)               Turns: 24064, Time: 01:34:36

Health: -10/169    AC:  0    Str: 29    XL:     16   Next: 81%
Magic:  15/15      EV: 31    Int:  3    God:    Trog [*****.]
Gold:   1551       SH:  0    Dex: 19    Spells: 15/15 levels left

rFire   . . .      SeeInvis .     - Unarmed
rCold   . . .      Faith    .   (shield currently unavailable)
rNeg    . . .      Spirit   .   (armour currently unavailable)
rPois   .          Reflect  .   (helmet currently unavailable)
rElec   .          Harm     .   (cloak currently unavailable)
rCorr   .          Rampage  .   (gloves unavailable)
Will    +++..                   (boots unavailable)
Stlth   ++........              A - amulet of regeneration
HPRegen 3.38/turn               (ring currently unavailable)
MPRegen 0.14/turn               (ring currently unavailable)

@: bat-form, strong-willed (expiring), on berserk cooldown, flying, regenerating
(expiring), hasted and slowed, very quick
A: fast, flying, no casting, tiny, unfitting armour, (claws 3), regeneration 1,
(shaggy fur 1), (tough skin 1), (beak)
}: 1/15 runes: serpentine
a: Renounce Religion, Berserk, Trog's Hand, Brothers in Arms


You were on level 4 of the Swamp.
You worshipped Trog.
Trog was extremely pleased with you.
You were a bat.
You visited 5 branches of the dungeon, and saw 26 of its levels.
You also visited: Gauntlet and Volcano.

You collected 2321 gold pieces.
You spent 770 gold pieces at shops.

Inventory:

Hand Weapons
 n - the +4 quick blade "Oroloy" {flame, Dex+3}
   (Trog gifted it to you on level 1 of the Swamp)

   It burns those it strikes, dealing additional fire damage.
   Dex:       It affects your dexterity (+3).
 L - a +2 vampiric dagger
 M - a +4 short sword of flaming
 N - a +0 halberd of flaming
Armour
 a - a +1 animal skin
 e - the +6 tower shield of Gewistra (melded) {rCorr Int+4}
   (You acquired it on level 6 of the Dungeon)

   Int:       It affects your intelligence (+4).
   rCorr:     It protects you from acid and corrosion.
 k - +0 ice dragon scales (melded)
 x - a scarf of invisibility
 K - a +2 robe of the Archmagi
 V - +0 swamp dragon scales
 Z - a +2 cloak (melded)
Jewellery
 f - a ring of poison resistance (melded)
 o - a +4 ring of evasion
 q - an amulet of the acrobat
 s - a +6 ring of dexterity
 u - a ring of protection from fire (melded)
 y - an amulet of guardian spirit
 z - a +4 ring of evasion
 A - an amulet of regeneration (around neck)
 E - an amulet of reflection
 Q - a +6 ring of intelligence
 U - a ring of fire
Wands
 p - a wand of flame (62)
 w - a wand of mindburst (12)
 O - a wand of polymorph (1)
 T - a wand of charming (2)
Scrolls
 b - 13 scrolls of identify {@rr}
 B - a scroll of holy word
 C - 2 scrolls of amnesia
 H - a scroll of magic mapping
 P - 3 scrolls of enchant weapon
 X - a scroll of acquirement
 Y - 3 scrolls of enchant armour
Potions
 d - 4 potions of magic
 h - 5 potions of lignification
 i - 3 potions of berserk rage
 j - 5 potions of attraction
 m - 4 potions of haste
 r - 3 potions of degeneration
 t - 4 potions of cancellation
 v - 3 potions of flight
 R - 3 potions of brilliance
Miscellaneous
 D - a lightning rod (4/4)


   Skills:
 + Level 13.1 Fighting
 + Level 13.2 Dodging
 + Level 11.6 Shields
 + Level 15.5 Unarmed Combat
 - Level 8.0 Evocations


You had 15 spell levels left.
You didn't know any spells.
Your spell library was empty.

Dungeon Overview and Level Annotations

Branches:
Dungeon (11/15)            Temple (1/1) D:6            Lair (6/6) D:8
  Swamp (4/4) Lair:4        Snake (4/4) Lair:2        Slime (0/5) Lair:5
Volcano (visited)         Gauntlet (visited)
    Orc: D:9-12

Altars:
Ru
Uskayaw

Shops:
D:7 =   Snake:2 [   Snake:3 *


Innate Abilities, Weirdness & Mutations

You are a bat.
You are tiny and dextrous.
You move quickly.
You are flying.
Your equipment is almost entirely melded.
You are incapable of wielding weapons or throwing items.
You cannot cast spells.
You are too large for most types of armour.
((You have claws for hands.))
Your natural rate of healing is unusually fast.
((You are covered in fur. (AC +1)))
((You have tough skin. (AC +1)))
((You have a beak for a mouth.))


Message History

* * * LOW HITPOINT WARNING * * *
You block the eight-headed hydra's attack. x2
The eight-headed hydra bites you but does no damage. x3
Unknown command.
Unknown command.
Okay, then.
Really quaff the potion of mutation?
You feel extremely strange.
Your mouth lengthens and hardens into a beak!
The four-headed hydra roars!
The bog body touches you!
* * * LOW HITPOINT WARNING * * *
The bog body freezes you. You resist.
* * * LOW HITPOINT WARNING * * *
You block the eight-headed hydra's attack. x3
The eight-headed hydra misses you.
The eight-headed hydra bites you but does no damage.
You block the eight-headed hydra's attack.
The eight-headed hydra closely misses you.
The eight-headed hydra bites you but does no damage.
Okay, then.
Okay, then.
You don't know any spells.
Unknown command.
Aiming: Polymorph
Press: ? - help, Shift-Dir - straight line, f - you That beam is likely to hit you.
Continue anyway?
You turn into a bat.
Your +2 cloak melds into your body.
The +6 tower shield of Gewistra {rCorr Int+4} melds into your body.
Your +0 ice dragon scales melds into your body.
Your ring of poison resistance melds into your body.
Your ring of protection from fire melds into your body.
The bog body touches you!
* * * LOW HITPOINT WARNING * * *
The bog body freezes you!
* * * LOW HITPOINT WARNING * * *
The eight-headed hydra misses you. x2; The eight-headed hydra bites you!
* * * LOW HITPOINT WARNING * * *
The eight-headed hydra bites you!
You die...

.≈DPD(. . ♣♣ ♣≈
.≈##
♣≈♣♣♣≈≈####+#.
♣♣♣≈≈≈.≈#..≈...
♣.≈≈≈≈≈≈..(.(.8
♣.≈≈≈≈≈..§.....
....≈§§§n§..≈#
♣....D§bD§§#
♣♣≈.♣♣♣§§§.....
♣♣..♣ ♣..PD....
♣.≈.♣ ♣≈#.(≈8§8
♣≈≈. ♣≈...≈≈..
♣♣≈≈♣♣
♣≈##...#.
♣♣♣♣♣♣≈...♣♣♣#.
....≈
♣..≈..≈≈≈≈.♣ .
.....
♣≈§≈.≈Dn.♣


You could see an eight-headed hydra, 2 four-headed hydras and a bog body.

Vanquished Creatures
  Kirke (Snake:1)
  A nagaraja (Snake:4)
  2 bunyips (Swamp:3)
  A spark wasp (Swamp:3)
  A fire dragon (Lair:6)
  Harold (D:9)
  5 salamander tyrants
  6 naga warriors
  A ghost crab (Swamp:2)
  6 anacondas
  13 hydras
  9 alligators
  A two-headed ogre (D:9)
  A hell hog (Volcano)
  6 death yaks
  Urug (D:10)
  3 shock serpents
  13 naga sharpshooters
  A fire crab (Volcano)
  2 salamander mystics (Snake:3)
  7 goliath frogs
  2 spriggan druids
  2 naga ritualists (Snake:4)
  7 bog bodies
  2 swamp dragons
  A necromancer (Lair:4)
  A lindwurm (Lair:6)
  9 mana vipers
  A cyclops (D:10)
  16 salamanders
  2 will-o-the-wisps
  5 guardian serpents
  25 black mambas
  Maurice (D:10)
  12 cane toads
  A torpor snail (Lair:6)
  5 molten gargoyles
  9 naga magi
  10 komodo dragons
  2 rime drakes
  5 tyrant leeches
  3 polar bears
  7 hornets
  19 blink frogs
  A shadow (D:10)
  7 wyverns
  13 spriggans
  4 hogs
  Eustachio (D:4)
  17 vampire mosquitoes
  38 yaks
  4 basilisks
  11 fire bats (Volcano)
  3 steam dragons
  36 nagas
  5 swamp worms
  2 acid dragons
  21 water moccasins
  6 hell hounds
  3 swamp drakes
  2 orc warriors
  6 ice beasts
  A sky beast (D:7)
  4 centaurs
  9 wolves
  A kobold brigand (D:10)
  5 bullfrogs
  A wyvern zombie (D:7)
  7 scorpions
  3 wights (D:6)
  2 electric eels (D:10)
  4 howler monkeys
  3 jellies
  A bullfrog zombie (D:6)
  A centaur zombie (D:9)
  11 lava snakes
  A gnoll shaman (D:5)
  7 orc priests
  4 hounds
  Jessica (D:2)
  3 iguanas
  Ijyb (D:3)
  Natasha (thrice) (D:2)
  14 orc wizards
  6 hell rats (Lair:3)
  4 polar bear simulacra (Lair:4)
  2 yak simulacra (Lair:4)
  A wolf simulacrum (Lair:4)
  3 centaur simulacra (D:10)
  A hound zombie (D:5)
  3 howler monkey zombies
  7 gnolls
  8 adders
  6 white imps
  3 ufetubi
  An adder zombie (D:5)
  2 worms
  A dart slug (D:3)
  27 orcs
  5 bats
  3 endoplasms
  6 giant cockroaches
  5 goblins
  5 hobgoblins
  3 quokkas
  7 ball pythons
  3 frilled lizards
  7 kobolds
  4 rats
  4 river rat simulacra (Lair:4)
  A bush (Lair:6)
624 creatures vanquished.

Vanquished Creatures (collateral kills)
  A nagaraja (Snake:4)
  An eleionoma (Swamp:2)
  7 hydras
  2 naga warriors (Snake:4)
  The ghost of tensugalgo the Summoner, a journeyman FeSu of Dithmenos (Lair:6)
  A death yak (Lair:6)
  7 naga sharpshooters (Snake:4)
  A shock serpent (Snake:1)
  Nergalle (Lair:1)
  2 goliath frogs (Swamp:2)
  A bog body (Lair:4)
  A naga ritualist (Snake:1)
  A mana viper (Snake:1)
  3 salamanders (Snake:4)
  5 black mambas
  A cane toad (Lair:1)
  Maggie (Lair:1)
  2 komodo dragons
  A wyvern (Lair:1)
  2 vampire mosquitoes (Swamp:2)
  A swamp worm (Swamp:2)
  6 nagas
  3 butterflies
52 creatures vanquished.

Vanquished Creatures (others)
  A hydra (Lair:6)
  A spriggan (Swamp:1)
  A black mamba (Snake:1)
  3 bloated husks
  A hornet (Swamp:1)
  A bush (Lair:1)
  16 foxfires
  45 fungi
  43 plants
112 creatures vanquished.

Grand Total: 788 creatures vanquished

Notes
Turn   | Place    | Note
-------+----------+-------------------------------------------
     0 | D:1      | Htamos the Troll Berserker began the quest for the Orb.
     0 | D:1      | Reached XP level 1. HP: 22/22 MP: 0/0
   180 | D:1      | Reached XP level 2. HP: 29/29 MP: 1/1
   699 | D:2      | Reached XP level 3. HP: 36/36 MP: 2/2
   857 | D:2      | Found a faded altar of an unknown god.
   915 | D:2      | Noticed Natasha
   920 | D:2      | Killed Natasha
  1213 | D:2      | Noticed Natasha
  1224 | D:2      | Killed Natasha
  1225 | D:2      | Reached XP level 4. HP: 45/45 MP: 3/3
  1257 | D:2      | Noticed Natasha
  1271 | D:2      | Killed Natasha
  1272 | D:2      | Reached skill level 4 in Unarmed Combat
  1407 | D:2      | Noticed Jessica
  1424 | D:2      | Killed Jessica
  1425 | D:2      | Reached XP level 5. HP: 42/53 MP: 4/4
  1547 | D:3      | Reached ** piety under Trog
  1750 | D:3      | Noticed Ijyb
  2087 | D:3      | Killed Ijyb
  2154 | D:3      | Reached XP level 6. HP: 13/62 MP: 5/5
  2268 | D:4      | Reached skill level 5 in Unarmed Combat
  2344 | D:4      | Noticed a water moccasin
  2355 | D:4      | Killed a water moccasin
  2356 | D:4      | Reached XP level 7. HP: 50/71 MP: 6/6
  2514 | D:4      | Noticed Eustachio
  2527 | D:4      | Killed Eustachio
  2584 | D:4      | Reached *** piety under Trog
  2712 | D:5      | Entered Level 5 of the Dungeon
  2912 | D:5      | Reached skill level 5 in Fighting
  2912 | D:5      | Reached skill level 6 in Unarmed Combat
  2919 | D:5      | Reached skill level 5 in Dodging
  3082 | D:5      | Reached XP level 8. HP: 68/80 MP: 7/7
  3981 | D:6      | Found a staircase to the Ecumenical Temple.
  3990 | Temple   | Entered the Ecumenical Temple
  4078 | D:6      | Reached skill level 7 in Unarmed Combat
  4366 | D:6      | Reached XP level 9. HP: 69/89 MP: 8/8
  4789 | D:6      | Identified a scroll of acquirement
  4789 | D:6      | Acquired the +6 tower shield of Gewistra {rCorr Int+4}
  5035 | D:7      | Reached **** piety under Trog
  5087 | D:7      | Reached skill level 1 in Shields
  5392 | D:7      | Found Bashaepu's Jewellery Shop.
  5398 | D:7      | Bought a ring of protection from fire for 350 gold pieces
  5419 | D:7      | Found a hide-covered altar of Uskayaw.
  5548 | D:8      | Reached skill level 8 in Unarmed Combat
  5829 | D:8      | Found a staircase to the Lair.
  6796 | D:9      | Noticed a two-headed ogre
  6819 | D:9      | Killed a two-headed ogre
  6820 | D:9      | Reached XP level 10. HP: 102/102 MP: 9/9
  7225 | D:9      | Noticed Harold
  7237 | D:9      | Killed Harold
  7238 | D:9      | Reached skill level 9 in Unarmed Combat
  7497 | D:10     | Entered Level 10 of the Dungeon
  8023 | D:10     | Noticed Urug
  8030 | D:10     | Killed Urug
  8045 | D:10     | Noticed Maurice
  8075 | D:10     | Killed Maurice
  8076 | D:10     | Reached XP level 11. HP: 98/111 MP: 10/10
  8193 | D:10     | Reached skill level 5 in Shields
  8529 | D:10     | Reached skill level 10 in Unarmed Combat
  9516 | Lair:1   | Entered Level 1 of the Lair of Beasts
  9637 | Lair:1   | Noticed Nergalle
  9644 | Lair:1   | Killed Nergalle
  9820 | Lair:1   | Noticed a four-headed hydra
  9821 | Lair:1   | Noticed Maggie
  9821 | Lair:1   | Noticed a six-headed hydra
 10116 | Lair:1   | Killed a four-headed hydra
 10135 | Lair:1   | Killed a six-headed hydra
 10136 | Lair:1   | Reached skill level 11 in Unarmed Combat
 10136 | Lair:1   | Reached XP level 12. HP: 123/123 MP: 11/11
 10222 | Lair:1   | Noticed an eight-headed hydra
 10228 | Lair:1   | Killed a nine-headed hydra
 10230 | Lair:1   | Killed Maggie
 10501 | Lair:2   | Noticed a four-headed hydra
 10516 | Lair:1   | Killed a one-headed hydra
 10685 | Lair:2   | Found a staircase to the Snake Pit.
 10883 | Lair:2   | Noticed a seven-headed hydra
 10902 | Lair:2   | Killed a seven-headed hydra
 10957 | Lair:2   | Noticed a five-headed hydra
 10963 | Lair:2   | Killed a five-headed hydra
 11343 | Lair:2   | Noticed a catoblepas
 12010 | Lair:3   | Found a gate leading to a gauntlet.
 12025 | Gauntlet | Entered a Gauntlet
 12025 | Gauntlet | Found a transporter.
 12025 | Gauntlet | Found a transporter.
 12026 | Gauntlet | Found a transporter.
 12026 | Gauntlet | Found a transporter.
 12026 | Gauntlet | Noticed a great orb of eyes
 12029 | Gauntlet | Found a transporter.
 12039 | Gauntlet | Found a transporter.
 12047 | Gauntlet | Found a transporter.
 12048 | Gauntlet | Noticed a cacodemon
 12106 | Gauntlet | Found a transporter.
 12126 | Gauntlet | Found a transporter.
 12131 | Gauntlet | Found a transporter.
 12133 | Gauntlet | Found a large runed translucent door.
 12134 | Gauntlet | Found a large runed translucent door.
 12135 | Gauntlet | Found a large runed translucent door.
 12135 | Gauntlet | Found a large runed translucent door.
 12135 | Gauntlet | Found a runed translucent door.
 12135 | Gauntlet | Found a runed translucent door.
 12136 | Gauntlet | Found a large runed translucent door.
 12137 | Gauntlet | Found a large runed translucent door.
 12138 | Gauntlet | Found a large runed translucent door.
 12138 | Gauntlet | Found a large runed translucent door.
 12139 | Gauntlet | Found a runed translucent gate.
 12139 | Gauntlet | Found a runed translucent gate.
 12139 | Gauntlet | Found a runed translucent gate.
 12141 | Gauntlet | Found a transporter.
 12150 | Gauntlet | Found a large runed translucent door.
 12150 | Gauntlet | Found a large runed translucent door.
 12151 | Gauntlet | Found a large runed translucent door.
 12152 | Gauntlet | Found a large runed translucent door.
 12156 | Gauntlet | Found a transporter.
 12194 | Gauntlet | Found a large runed translucent door.
 12195 | Gauntlet | Found a large runed translucent door.
 12196 | Gauntlet | Found a large runed translucent door.
 12196 | Gauntlet | Found a large runed translucent door.
 12282 | Gauntlet | Acquired a scarf of invisibility
 12704 | Lair:3   | Reached skill level 1 in Evocations
 13273 | Lair:3   | Reached skill level 10 in Dodging
 13275 | Lair:3   | Reached skill level 10 in Fighting
 13513 | Lair:3   | Noticed an eight-headed hydra
 13524 | Lair:3   | Killed an eight-headed hydra
 13663 | Lair:4   | Noticed an eight-headed hydra
 13663 | Lair:4   | Found a staircase to the Swamp.
 13672 | Lair:4   | Killed a nine-headed hydra
 13749 | Lair:4   | Reached skill level 12 in Unarmed Combat
 13847 | Lair:4   | Noticed a death yak
 13847 | Lair:4   | Noticed a death yak
 13880 | Lair:4   | Killed a death yak
 13881 | Lair:4   | Reached XP level 13. HP: 133/133 MP: 12/12
 14099 | Lair:4   | Found a sacrificial altar of Ru.
 14725 | Lair:5   | Found a staircase to the Slime Pits.
 15138 | Lair:5   | Identified the +2 robe "Ryen" {rF+}
 15238 | Lair:6   | Entered Level 6 of the Lair of Beasts
 15254 | Lair:6   | Found a dark tunnel.
 15275 | Volcano  | Entered a volcano
 15408 | Volcano  | Reached ***** piety under Trog
 15488 | Volcano  | Found a burning altar of Makhleb.
 15733 | Lair:6   | Found a runed translucent door.
 15745 | Lair:6   | Noticed tensugalgo's ghost (journeyman FeSu)
 16048 | Lair:6   | Reached XP level 14. HP: 107/144 MP: 13/13
 16054 | Lair:6   | Reached skill level 13 in Unarmed Combat
 16236 | Lair:6   | Found a large runed translucent door.
 16333 | Lair:6   | Found a large runed translucent door.
 17094 | Lair:6   | Killed tensugalgo's ghost
 17243 | Snake:1  | Entered Level 1 of the Snake Pit
 17365 | Snake:1  | Reached skill level 5 in Evocations
 17968 | Snake:2  | Noticed Kirke
 18412 | Snake:1  | Killed Kirke
 18500 | Snake:2  | Found Lisch's Armour Shop.
 19182 | Snake:3  | Reached XP level 15. HP: 156/156 MP: 14/14
 19228 | Snake:3  | Reached skill level 10 in Shields
 19269 | Snake:3  | Received a gift from Trog
 19456 | Snake:3  | Reached skill level 14 in Unarmed Combat
 19534 | Snake:3  | Found Edoetil's Assorted Antiques.
 19542 | Snake:3  | Bought a scroll of teleportation for 72 gold pieces
 19542 | Snake:3  | Bought a scroll of enchant armour for 180 gold pieces
 19542 | Snake:3  | Bought a potion of heal wounds for 120 gold pieces
 19542 | Snake:3  | Bought a scroll of identify for 48 gold pieces
 19784 | Snake:4  | Entered Level 4 of the Snake Pit
 19819 | Snake:4  | Noticed a nagaraja
 19837 | Snake:4  | Killed a nagaraja
 21056 | Snake:4  | Noticed a nagaraja
 21066 | Snake:4  | Killed a nagaraja
 21314 | Snake:4  | Got a serpentine rune of Zot
 21764 | Snake:4  | Reached XP level 16. HP: 167/167 MP: 15/15
 22273 | Swamp:1  | Entered Level 1 of the Swamp
 22302 | Swamp:1  | Identified the +4 quick blade "Oroloy" {flame, Dex+3} (Trog
                  | gifted it to you on level 1 of the Swamp)
 22302 | Swamp:1  | Received a gift from Trog
 22452 | Swamp:1  | You fall into a shaft and drop 1 floor!
 22574 | Swamp:2  | Reached skill level 15 in Unarmed Combat
 23182 | Swamp:3  | Found a frozen archway.
 23419 | Swamp:3  | Received a gift from Trog
 23902 | Swamp:4  | Entered Level 4 of the Swamp
 24063 | Swamp:4  | Gained mutation: You have a beak for a mouth. [potion of
                  | mutation]
 24064 | Swamp:4  | HP: 1/169 [eight-headed hydra (10)]
 24064 | Swamp:4  | Mangled by an eight-headed hydra

Illustrated notes

Levels and vault maps discovered:
D:1:      dpeg_arrival_three_same_balls, layout_basic
D:2:      layout_loops_corners, shapermc_ecumenical_altar_rom_forum,
          uniq_jessica, uniq_natasha
D:3:      layout_loops_ring, minmay_misc_feat_iff, uniq_ijyb
D:4:      layout_basic, uniq_eustachio
D:5:      layout_basic, serial_co_window_serial, co_window_corner_a,
          co_window_paths_a, co_window_corner_a, co_window_paths_a,
          co_window_of_opportunity_a, co_window_of_opportunity_a,
          co_window_of_opportunity_a, co_window_corner_cb,
          co_window_unsneaky_path_b, co_window_paths_c, co_window_paths_e,
          co_window_4corner_b, glass_columns_b
D:6:      layout_basic, minmay_temple_entry_wispy
D:7:      layout_gridville, eat_drink_and_be_merry_uskayaw, serial_shops, shop
D:8:      layout_basic, lair_entry_dummy
D:9:      layout_roguey, serial_bayou, serial_bayou_pond_e,
          serial_bayou_shore_b, serial_bayou_ford_a, serial_bayou_pond_a,
          serial_bayou_shore_b, serial_bayou_pond_a, uniq_harold
D:10:     layout_irregular_city, serial_ice, serial_ice_g, serial_ice_j,
          serial_ice_h, serial_ice_d, uniq_urug, uniq_maurice
D:11:     layout_basic
Temple:   mainiacjoe_temple_hex_bubbles
Lair:1:   kb_forest_paths, layout_regular_city, grunt_megastairs_5,
          lemuel_fruit_fields, lemuel_fruit_fields, uniq_maggie, uniq_nergalle
Lair:2:   layout_layer_cave, minmay_snake_entry_guardpost_small,
          chequers_serial_rivers_large_a, grunt_megastairs_4,
          serial_bayou_shore_b, lemuel_fruit_fields
Lair:3:   layout_chaotic_city, gauntlet_entry_generic, lemuel_fruit_fields
Lair:4:   layout_regular_city, skrybe_swamp_entry_bodies, basic_altar,
          eino_house_with_fridge, lemuel_fruit_fields
Lair:5:   layout_long_grid, slime_dummy
Lair:6:   cheibrodos_lair_end_hotspot, layout_big_grid,
          ebering_ghost_reflecting_pool, enter_volcano_1
Swamp:1:  layout_basic_swamp, evilmike_swamp_ruin_rubble_2
Swamp:2:  layout_basic_swamp, evilmike_swamp_ruin_house_4
Swamp:3:  layout_basic_swamp, portal_ice_cave_entry_pillars_three,
          serial_swamp_ruin, evilmike_swamp_ruin_house_6,
          evilmike_swamp_ruin_rubble_1, evilmike_swamp_ruin_house_1,
          swamp_pool3, nicolae_swamp_catching_bugs
Swamp:4:  grunt_swamp_rune_castle, layout_basic_swamp, swamp_pool3,
          hangedman_swamp_lotus, nicolae_swamp_snake_nest, uniq_mlioglotl
Snake:1:  layout_rooms, grunt_megastairs_2
Snake:2:  layout_basic, serial_shops, shop, uniq_kirke
Snake:3:  layout_misc_corridors, serial_shops, shop,
          hangedman_snake_corridor_split
Snake:4:  grunt_snake_rune_pools, layout_cave_town

Skill      XL: |  1  2  3  4  5  6  7  8  9 10 11 12 13 14 15 16 |
---------------+-------------------------------------------------+-----
Fighting       | 3 4 5 6 7 8 9 10 11 12 13 | 13.1
Dodging        | 3 4 5 6 7 8 9 10 11 12 13 | 13.2
Unarmed Combat | 4 5 6 7 8 9 11 12 13 14 15 | 15.5
Shields        | 3 4 6 7 8 9 10 11 | 11.6
Evocations     | 2 4 5 7 8 |  8.0

Action                   |  1- 3 |  4- 6 |  7- 9 | 10-12 | 13-15 | 16-18 || total
-------------------------+-------+-------+-------+-------+-------+-------++-------
Melee: Unarmed           |    66 |   110 |   335 |   537 |  1217 |   370 ||  2635
       Punch             |       |     1 |     5 |       |       |       ||     6
       Halberd           |       |       |       |     7 |       |       ||     7
Invok: Berserk           |       |       |     5 |       |     4 |     4 ||    13
       Brothers in Arms  |       |       |     1 |    11 |    14 |     2 ||    28
       Trog's Hand       |       |       |       |       |       |     2 ||     2
Evoke: Wand              |       |     3 |     1 |    24 |    36 |    20 ||    84
       Lightning rod     |       |       |       |     2 |       |       ||     2
  Use: Potion            |       |     2 |     4 |     3 |    12 |     9 ||    30
       Scroll            |       |       |    20 |     9 |    11 |     9 ||    49
 Stab: Sleeping          |       |       |     2 |       |       |       ||     2
       Paralysed         |       |       |       |       |     9 |    14 ||    23
       Invisible         |       |       |       |       |     2 |       ||     2
Armor: Animal skin       |    19 |    35 |    64 |     5 |       |       ||   123
       Skin              |       |     2 |       |       |       |       ||     2
       Acid dragon scale |       |       |       |    82 |    44 |       ||   126
       Robe              |       |       |       |       |    37 |       ||    37
       Ice dragon scales |       |       |       |       |    53 |   121 ||   174
Dodge: Dodged            |    31 |    69 |   134 |   156 |   323 |   147 ||   860
Block: Tower shield      |       |       |   171 |   521 |  1178 |   477 ||  2347

Table legend: (Time is in decaauts)
 A = Elapsed time spent in this place.
 B = Non-inter-level travel time spent in this place.
 C = Inter-level travel time spent in this place.
 D = Time resting spent in this place.
 E = Time spent auto-exploring this place.
 F = Levels seen in this place.
 G = Mean time per level.
                   A        B        C        D        E       F      G
               +--------+--------+--------+--------+--------+-----+--------+
         Total |  24343 |  22859 |   1484 |    599 |  13808 |  28 |  869.4 |
       Dungeon |   9654 |   9242 |    412 |     15 |   7021 |  11 |  877.6 |
        Temple |      1 |      1 |      0 |      0 |      0 |   1 |    1.0 |
          Lair |   7194 |   6719 |    475 |    462 |   4107 |   6 | 1199.0 |
         Swamp |   1840 |   1794 |     46 |      0 |    717 |   4 |  460.0 |
     Snake Pit |   4964 |   4415 |    549 |     61 |   1841 |   4 | 1241.0 |
       Volcano |    366 |    366 |      0 |     61 |      0 |   1 |  366.0 |
      Gauntlet |    322 |    322 |      0 |      0 |    121 |   1 |  322.0 |
               +--------+--------+--------+--------+--------+-----+--------+

Top non-repeatable levels by time:
 Snake:4: 1806 daAuts
  Lair:2: 1553 daAuts
  Lair:6: 1532 daAuts
  Lair:3: 1365 daAuts
 Snake:3: 1349 daAuts
     D:8: 1304 daAuts
     D:5: 1259 daAuts
 Snake:1: 1198 daAuts
  Lair:4: 1101 daAuts
  Lair:1: 1062 daAuts
     D:9: 1005 daAuts
     D:2: 962 daAuts
    D:10: 934 daAuts
    D:11: 883 daAuts
     D:6: 837 daAuts
